 Dungeon Crawl Stone Soup version 0.26-a0-1129-gc5df7fbe6a (webtiles) character file.

Game seed: 10639415381348161343

6309 Baz the Martial Artist (level 10, 0/61 (64) HPs)
             Began as an Octopode Transmuter on Dec 18, 2020.
             Was a Believer of Hepliaklqana.
             Slain by a gnoll sergeant
             ... wielding a +0 spear
              (4 damage)
             ... on level 5 of the Dungeon.
             The game lasted 00:31:27 (12701 turns).

Baz the Martial Artist (Octopode Transmuter)       Turns: 12701, Time: 00:31:27

HP:   0/61 (64)     AC:  2    Str: 10    XL:     10   Next: 95%
MP:   0/15          EV: 24    Int: 18    God:    Hepliaklqana [**....]
Gold: 259           SH:  0    Dex: 18    Spells: 2/16 levels left

rFire    + . .     SeeInvis +     - Unarmed
rCold    . . .     Faith    .   (shield currently unavailable)
rNeg     . . .     Spirit   +   (helmet currently unavailable)
rPois    x         Reflect  .   a - amulet of guardian spirit
rElec    .         Harm     .   j - +4 ring of slaying
rCorr    .         Rampage  .   i - +4 ring of evasion
Will     .....                  o - ring of protection from fire
Stlth    +++.......             y - ring of flight
HPRegen  0.20/turn              E - ring of see invisible
MPRegen  0.14/turn              (no ring)
                                (no ring)
                                (no ring)

@: spider-form, lightly drained
A: tiny, almost no armour, stealthy swim, (amphibious), 8 rings, (constrict 8),
reduced essence
a: End Transformation, Renounce Religion, Evoke Flight, Recall Ancestor,
Ancestor Identity


You were on level 5 of the Dungeon.
You worshipped Hepliaklqana.
Hepliaklqana was pleased with you.
You were a venomous arachnid creature.
You visited 2 branches of the dungeon, and saw 11 of its levels.

You collected 634 gold pieces.
You spent 375 gold pieces at shops.

Inventory:

Hand Weapons
 g - a +1 dagger of venom
Missiles
 H - 2 throwing nets
Armour
 e - a +0 tower shield
Jewellery
 a - an amulet of guardian spirit (around neck)
 i - a +4 ring of evasion (right front leg)
 j - a +4 ring of slaying (left front leg)
 l - an uncursed ring of see invisible
 o - a ring of protection from fire (on tentacle)
 y - a ring of flight (on tentacle)
 E - a ring of see invisible (on tentacle)
Wands
 u - a wand of disintegration (8)
 B - a wand of digging (6)
 C - a wand of iceblast (6)
 D - a wand of polymorph (2)
 G - a wand of acid (4)
Scrolls
 b - 3 scrolls of immolation
 d - 9 scrolls of remove curse
 f - 2 scrolls of noise {unknown}
 h - 7 scrolls of teleportation
 k - a scroll of identify
 n - 3 scrolls of fog {unknown}
 q - 2 scrolls of amnesia {unknown}
 v - a scroll of silence
 x - a scroll of magic mapping
 F - a scroll of random uselessness {unknown}
Potions
 c - a potion of resistance
 m - a potion of degeneration
 p - 2 potions of heal wounds
 r - 4 potions of haste
 s - 2 potions of lignification
 t - a potion of berserk rage {unknown}
 w - 3 potions of might
 z - a potion of flight {unknown}
 A - 2 potions of brilliance {unknown}
 I - 2 potions of invisibility {unknown}


   Skills:
 + Level 7.7 Fighting
 + Level 2.6 Dodging
 - Level 4.0 Stealth
 - Level 4.0 Shields
 + Level 8.4 Unarmed Combat
 + Level 3.5 Spellcasting
 + Level 2.9 Summonings
 - Level 7.4 Transmutations
 - Level 6.1 Ice Magic


You had 2 spell levels left.
You knew the following spells:

 Your Spells              Type           Power        Failure   Level
a - Beastly Appendage     Tmut           60%          4%          1
b - Wereblood             Tmut           30%          5%          2
c - Spider Form           Tmut/Pois      8%           24%         3
d - Ice Form              Ice/Tmut       27%          24%         4
e - Summon Ice Beast      Ice/Summ       19%          45%         4

Your spell library contained the following spells:

 Spells                   Type           Power        Failure   Level
 Freeze                   Ice            100%         6%          1
 Summon Small Mammal      Summ           52%          14%         1
 Call Imp                 Summ           13%          19%         2
 Frozen Ramparts          Ice            50%          12%         3
 Ozocubu's Armour         Ice            25%          12%         3
 Call Canine Familiar     Summ           13%          32%         3
 Blade Hands              Tmut           15%          41%         5
 Summon Guardian Golem    Hex/Summ       8%           47%         3
 Hailstorm                Conj/Ice       14%          63%         4
 Summon Lightning Spire   Summ/Air       8%           82%         4


Dungeon Overview and Level Annotations

Branches:
Dungeon (10/15)            Temple (1/1) D:7             Orc (0/2) D:9
   Lair: D:8-11

Altars:
Ashenzari
Cheibriados
Dithmenos
Elyvilon
Fedhas
Gozag
Hepliaklqana
Kikubaaqudgha
Makhleb
Nemelex Xobeh
Okawaru
Qazlal
Ru
Sif Muna
Trog
Uskayaw
Vehumet
Wu Jian
Xom
Yredelemnul
Zin
The Shining One

Shops:
D:8 !   D:10 ?[=[*

Annotations:
D:1 exclusions: goblin and 2 jackals
D:4 exclusions: orc and orc priest
D:6 Maggie, Pikel
D:9 3 runed translucent doors, rlgrobin's ghost, journeyman GnDe
D:10 exclusion: wolf


Innate Abilities, Weirdness & Mutations

You cannot wear most types of armour.
You are very stealthy in the water. (Stealth+)
((You are amphibious.))
You can wear up to eight rings at the same time.
((You can use your tentacles to constrict eight enemies at once.))
((Your skin changes colour to match your surroundings (Stealth+).))
((Your rubbery body absorbs attacks. (AC +1, EV +1)))
Your life essence is reduced to manifest your ancestor. (-10% HP)


Message History

You turn into a venomous arachnid creature.
You lose your grip on the gnoll sergeant.
The gnoll sergeant closely misses you. The centaur hits you with a +0 club.
* * * LOW HITPOINT WARNING * * *
The gnoll misses you. The gnoll sergeant blocks your attack.
The gnoll sergeant is moderately wounded.
The gnoll sergeant misses you. The centaur misses you.
The gnoll closely misses you.
Unknown command.
You bite the gnoll sergeant!
The gnoll sergeant is almost dead.
The centaur zaps a wand.
You easily resist.
The gnoll sergeant hits you with a +0 spear!
* * * LOW HITPOINT WARNING * * *
You hit the centaur.
The centaur is poisoned.
The centaur is moderately wounded.
The centaur completely misses you. The gnoll completely misses you.
The gnoll sergeant hits you with a +0 spear.
You die...

...............#####.....
#....##.......##### #..#.
##...###(....##...# #..
##.(###.....##...+ .#
#..........##...###
#...........##.....#
...##...##..##....⌠#
...####..##...##g'###...
... ##..#(..(gsc......
... #.......).......# .g.
#.................
..................
..................
..............#.#.
..............#.#
.#............ .


You could see a gnoll sergeant, a centaur (very poisoned) and a gnoll.

Vanquished Creatures
  An unseen horror (D:9)
  A deep elf mage (D:10)
  A gargoyle (D:10)
  3 trolls
  A water moccasin (D:9)
  An ice beast (D:10)
  A hornet zombie (D:7)
  A necrophage (D:9)
  4 orc warriors
  2 ogres
  A phantom (D:9)
  2 centaurs
  6 bullfrogs
  A gnoll sergeant (D:5)
  A scorpion (D:4)
  3 jellies
  5 killer bees (D:9)
  8 wights
  A howler monkey (D:9)
  A bullfrog zombie (D:10)
  A centaur zombie (D:9)
  3 orc priests
  5 hounds
  2 bullfrog skeletons
  3 iguanas
  5 orc wizards
  8 worker ants
  2 hound skeletons
  A worker ant zombie (D:8)
  12 gnolls
  13 adders
  3 white imps (D:7)
  A worker ant simulacrum (D:10)
  2 ufetubi
  An ooze (D:3)
  4 adder skeletons (D:4)
  2 worms
  2 dart slugs
  2 leopard geckos
  22 orcs
  10 bats
  3 giant cockroaches
  9 goblins
  2 hobgoblins (D:2)
  5 jackals
  11 kobolds
  2 quokkas
  5 frilled lizards
  A leopard gecko skeleton (D:4)
  3 leopard gecko zombies
  A quokka skeleton (D:4)
  5 rats
196 creatures vanquished.

Vanquished Creatures (collateral kills)
  A necrophage (D:10)
  A phantom (D:10)
  A bullfrog (D:10)
  A scorpion (D:10)
  An electric eel (D:10)
  2 hounds
  A quasit (D:10)
  2 centaur skeletons
  3 orc wizards (D:9)
  A killer bee zombie (D:10)
  A hound zombie (D:10)
  4 orcs (D:9)
19 creatures vanquished.

Vanquished Creatures (others)
  4 ancestors
  An orc (D:9)
  A plant (D:10)
6 creatures vanquished.

Grand Total: 221 creatures vanquished

Notes
Turn   | Place    | Note
-------+----------+-------------------------------------------
     0 | D:1      | Baz the Octopode Transmuter began the quest for the Orb.
     0 | D:1      | Reached XP level 1. HP: 13/13 MP: 3/3
    94 | D:1      | Reached skill level 1 in Stealth
   474 | D:1      | Reached XP level 2. HP: 18/18 MP: 3/5
   623 | D:1      | Learned a level 2 spell: Wereblood
   937 | D:1      | Reached XP level 3. HP: 22/23 MP: 4/6
   941 | D:1      | Learned a level 3 spell: Spider Form
  1535 | D:2      | Reached XP level 4. HP: 29/29 MP: 7/7
  2528 | D:3      | Found an iron altar of Okawaru.
  2821 | D:3      | Reached XP level 5. HP: 28/35 MP: 2/8
  3400 | D:4      | Reached skill level 4 in Unarmed Combat
  3824 | D:4      | Reached XP level 6. HP: 37/42 MP: 7/9
  4198 | D:4      | Found a burning altar of Makhleb.
  4318 | D:4      | Reached XP level 7. HP: 41/46 MP: 10/10
  4421 | D:5      | Entered Level 5 of the Dungeon
  4644 | D:5      | You fall into a shaft and drop 3 floors!
  4751 | D:8      | Found Piwki's Distillery.
  4754 | D:8      | Bought a potion of haste for 150 gold pieces
  4754 | D:8      | Bought a potion of lignification for 45 gold pieces
  4812 | D:7      | Found a staircase to the Ecumenical Temple.
  4951 | Temple   | Entered the Ecumenical Temple
  5128 | Temple   | Became a worshipper of Hepliaklqana the Forgotten
  5238 | D:7      | Reached skill level 5 in Unarmed Combat
  5238 | D:7      | Reached skill level 5 in Transmutations
  5281 | D:7      | Learned a level 4 spell: Ice Form
  5428 | D:7      | Reached XP level 8. HP: 40/48 MP: 7/12
  5559 | D:6      | Noticed Pikel
  5569 | D:6      | Reached skill level 1 in Ice Magic
  5577 | D:6      | HP: 2/48 [Pikel/+0 whip of freezing (2)]
  5610 | D:6      | Noticed Maggie
  6917 | D:8      | Reached * piety under Hepliaklqana
  7255 | D:9      | Found a runed translucent gate.
  7255 | D:9      | Found a runed translucent gate.
  7255 | D:9      | Found a runed translucent gate.
  7255 | D:9      | Noticed a wraith
  7255 | D:9      | Noticed a wraith
  7255 | D:9      | Noticed a wraith
  7255 | D:9      | Noticed rlgrobin's ghost (journeyman GnDe)
  7255 | D:9      | Noticed a wraith
  7257 | D:9      | Noticed a wraith
  7315 | D:9      | Reached skill level 5 in Fighting
  7496 | D:9      | Reached skill level 6 in Unarmed Combat
  7496 | D:9      | Reached XP level 9. HP: 45/54 MP: 11/13
  7962 | D:8      | Reached skill level 1 in Shields
  8494 | D:9      | Noticed a troll
  8795 | D:9      | Killed a troll
  9315 | D:9      | Learned a level 4 spell: Summon Ice Beast
  9579 | D:9      | Killed an unseen horror
  9580 | D:9      | Reached skill level 7 in Unarmed Combat
  9580 | D:9      | Reached XP level 10. HP: 36/62 MP: 4/14
  9784 | D:9      | Found a staircase to the Orcish Mines.
  9950 | D:10     | Entered Level 10 of the Dungeon
 10071 | D:10     | Found Cenwoh's Magic Scroll Shoppe.
 10329 | D:10     | Reached skill level 5 in Ice Magic
 10442 | D:10     | Found Byapsuty's Assorted Antiques.
 10454 | D:10     | Found Ceckel's Antique Armour Shoppe.
 10671 | D:10     | Found Monoezin's Jewellery Emporium.
 10682 | D:10     | Bought an uncursed ring of see invisible for 180 gold
                  | pieces
 10683 | D:10     | Reached ** piety under Hepliaklqana
 10684 | D:10     | Remembered your ancestor Jannitor as a hexer
 10691 | D:10     | Found Tikkut's Antique Armour Shop.
 10858 | D:10     | Noticed a deep elf mage
 10877 | D:10     | Killed a deep elf mage
 10878 | D:10     | Reached skill level 8 in Unarmed Combat
 10878 | D:10     | Reached skill level 1 in Summonings
 11093 | D:10     | Found a hide-covered altar of Uskayaw.
 11230 | D:10     | Noticed a gargoyle
 11240 | D:10     | Killed a gargoyle
 12686 | D:5      | Paralysed by a centaur for 2 turns
 12701 | D:5      | Slain by a gnoll sergeant

Illustrated notes

Levels and vault maps discovered:
D:1:      evilmike_arrival_plus, layout_basic, grunt_decor_arrowhead
D:2:      layout_loops_ring
D:3:      layout_basic, okawaru_ov_weapons_minmay
D:4:      layout_cave_pods, makhleb_heckhound_becter
D:5:      layout_cave_pools, serial_gnoll_camp, gnoll_camp_mini_shop,
          gnoll_camp_mini_house, gnoll_camp_mini_loothouse,
          gnoll_camp_huts_basic, gnoll_camp_medium_01, gnoll_camp_mini_house,
          uniq_crazy_yiuf_cottage
D:6:      layout_loops_ring, uniq_pikel, uniq_maggie
D:7:      layout_loops_ring, minmay_temple_entry_junction
D:8:      layout_loops_ring, serial_shops, kennysheep_mini
D:9:      layout_basic, david_orc_4, gammafunk_ghost_spectres,
          minmay_door_square
D:10:     minmay_chambers_of_sixes, layout_long_grid, erik_lair_dragon,
          serial_shops, kennysheep_little_box, shop_fountains,
          nicolae_shop_waterfront, shop, nicolae_shop_overgrown_old_shop,
          kennysheep_small_circle, uniq_grum
Temple:   minmay_crystal_snake_temple

Skill      XL: |  1  2  3  4  5  6  7  8  9 10 |
---------------+-------------------------------+-----
Stealth        | 1 2 3 4 |  4.0
Fighting       | 2 3 4 5 6 7 |  7.7
Unarmed Combat | 4 5 6 7 8 |  8.4
Transmutations | 3 4 5 6 7 |  7.4
Spellcasting   | 3 |  3.5
Ice Magic      | 3 4 6 |  6.1
Shields        | 4 |  4.0
Summonings     | 2 |  2.9
Dodging        | |  2.6

Action                   |  1- 3 |  4- 6 |  7- 9 | 10-12 || total
-------------------------+-------+-------+-------+-------++-------
Melee: Unarmed           |    62 |   107 |   233 |   164 ||   566
       Constrict         |    16 |    24 |    33 |    29 ||   102
       Kick              |     6 |     2 |       |       ||     8
       Tentacles         |     7 |    15 |    23 |    17 ||    62
       Punch             |       |     1 |     6 |     8 ||    15
 Cast: Beastly Appendage |     4 |     2 |     1 |     2 ||     9
       Spider Form       |     3 |     7 |    14 |     9 ||    33
       Wereblood         |       |     2 |     1 |       ||     3
       Ice Form          |       |       |     3 |     1 ||     4
Invok: Ancestor Identity |       |       |     2 |       ||     2
       Recall Ancestor   |       |       |     1 |       ||     1
       Ancestor Life: He |       |       |       |     1 ||     1
 Abil: End Transformatio |       |     1 |       |       ||     1
  Use: Potion            |       |     4 |     1 |     1 ||     6
       Scroll            |       |     3 |       |     5 ||     8
 Stab: Sleeping          |     5 |    10 |     9 |     6 ||    30
       Distracted        |       |       |       |     1 ||     1
Armor: Skin              |    13 |    15 |    14 |     1 ||    43
Dodge: Dodged            |    51 |   108 |   175 |   153 ||   487

Table legend: (Time is in decaauts)
 A = Elapsed time spent in this place.
 B = Non-inter-level travel time spent in this place.
 C = Inter-level travel time spent in this place.
 D = Time resting spent in this place.
 E = Time spent auto-exploring this place.
 F = Levels seen in this place.
 G = Mean time per level.
                   A        B        C        D        E       F      G
               +--------+--------+--------+--------+--------+-----+--------+
         Total |  12652 |  12204 |    448 |   4445 |   5152 |  11 | 1150.2 |
       Dungeon |  12467 |  12019 |    448 |   4445 |   5022 |  10 | 1246.7 |
        Temple |    184 |    184 |      0 |      0 |    130 |   1 |  184.0 |
               +--------+--------+--------+--------+--------+-----+--------+

Top non-repeatable levels by time:
     D:9: 2133 daAuts
     D:8: 1692 daAuts
    D:10: 1528 daAuts
     D:7: 1435 daAuts
     D:1: 1165 daAuts
     D:3: 1091 daAuts
     D:2: 1085 daAuts
     D:4: 1079 daAuts
     D:5: 991 daAuts
     D:6: 265 daAuts
  Temple: 184 daAuts
